| TOP OF THE 1ST |
|
Fargo Brewmasters batting - Pitching for Medicine Hat Blue Jays : LHP Chris Green
|
|
Pitching: LHP Chris Green
|
|
|
Batting: SHB Angel Escobar
|
0-0: Foul Ball, location: 2F 0-1: Ball 1-1: Swinging Strike 1-2: Foul Ball, location: 2F 1-2: Ball 2-2: Ball 3-2: Base on Balls
|
|
Batting: LHB Victor Fernandez
|
0-0: Ball 1-0: Swinging Strike 1-1: Ball 2-1: Fly out, F5 (Line Drive, 5, EV 61.9 MPH)
|
|
Batting: RHB Forace Oxendine
|
0-0: Called Strike 0-1: Ball 1-1: Ball 2-1: Ball 3-1: Called Strike 3-2: Foul Ball, location: 2F 3-2: Foul Ball, location: 2F 3-2: Base on Balls Angel Escobar to second
|
|
Batting: RHB Dick E Scott
|
0-0: Called Strike 0-1: Called Strike 0-2: Foul Ball, location: 2F 0-2: Ball 1-2: Foul Ball, location: 2F 1-2: Ball 2-2: Strikes out swinging
|
|
Batting: RHB Gus Polidor
|
0-0: Ball 1-0: Called Strike 1-1: Ball 2-1: SINGLE (Line Drive, 6MD, EV 96.9 MPH) Angel Escobar to third Forace Oxendine to second Runner from 3rd tries for Home, SAFE, throw by CF to home
|
|
Batting: RHB Juan Picart
|
0-0: Ground out 6-3 (Groundball, 56, EV 103.1 MPH)
|
| Top of the 1st over - 1 run, 1 hit, 0 errors, 2 left on base; Fargo 1 - Medicine Hat 0 |
| BOTTOM OF THE 1ST |
|
Medicine Hat Blue Jays batting - Pitching for Fargo Brewmasters : LHP Alex Iniguez
|
|
Pitching: LHP Alex Iniguez
|
|
|
Batting: LHB Jeffrey Wilson
|
0-0: Called Strike 0-1: Ball 1-1: Foul Ball, location: 2F 1-2: Ball 2-2: SINGLE (Groundball, 34S, EV 73.8 MPH) (infield hit)
|
|
Batting: RHB Burt Milley
|
0-0: Ball 1-0: Fielders Choice at 2nd, 4-6 (Groundball, 4M, EV 89.4 MPH)
|
|
Batting: RHB Greg Legg
|
0-0: Ball 1-0: Ball 2-0: Called Strike 2-1: Ball 3-1: Fielders Choice at 2nd, 1-6 (Groundball, 34S, EV 60.0 MPH)
|
|
Batting: LHB Tom Reynolds
|
0-0: Called Strike 0-1: Ball 1-1: SINGLE (Line Drive, 7LM, EV 105.0 MPH) Greg Legg to second
|
|
Batting: LHB Alberto Chino
|
0-0: Ball 1-0: DOUBLE (Line Drive, 89D, EV 113.1 MPH) Greg Legg scores Tom Reynolds to third Runner from 3rd tries for Home, SAFE, throw by RF to trailing runner, SAFE at third!
|
|
Batting: RHB Terence Shoebridge
|
0-0: Called Strike 0-1: Ball 1-1: Ball 2-1: Swinging Strike 2-2: Strikes out looking
|
| Bottom of the 1st over - 2 runs, 3 hits, 0 errors, 1 left on base; Fargo 1 - Medicine Hat 2 |
| TOP OF THE 2ND |
|
Fargo Brewmasters batting - Pitching for Medicine Hat Blue Jays : LHP Chris Green
|
|
Batting: LHB Nunzio Bartoli
|
0-0: Swinging Strike 0-1: Called Strike 0-2: Ball 1-2: Foul Ball, location: 2F 1-2: Strikes out looking
|
|
Batting: RHB Adolph Crump
|
0-0: Ball 1-0: Ground out 3-1 (Groundball, 34S, EV 89.4 MPH)
|
|
Batting: RHB Randall Thorpe
|
0-0: Ball 1-0: SINGLE (Groundball, 56D, EV 100.0 MPH)
|
|
Batting: SHB Angel Escobar
|
0-0: Called Strike 0-1: Ball 1-1: Ball 2-1: Fly out, F3 (Line Drive, 3, EV 68.1 MPH)
|
| Top of the 2nd over - 0 runs, 1 hit, 0 errors, 1 left on base; Fargo 1 - Medicine Hat 2 |
| BOTTOM OF THE 2ND |
|
Medicine Hat Blue Jays batting - Pitching for Fargo Brewmasters : LHP Alex Iniguez
|
|
Batting: LHB Kevin Bates
|
0-0: Ball 1-0: Foul Ball, location: 2F 1-1: Ball 2-1: Called Strike 2-2: Ball 3-2: Foul Ball, location: 2F 3-2: Ground out 3-1 (Groundball, 3D, EV 93.8 MPH)
|
|
Batting: SHB Cordie Dillard
|
0-0: Ball 1-0: Called Strike 1-1: DOUBLE (Line Drive, 7LM, EV 104.4 MPH)
|
|
Batting: SHB Manuel DelRosario
|
0-0: Foul Ball, location: 2F 0-1: Called Strike 0-2: Ball 1-2: Ball 2-2: Strikes out swinging
|
|
Batting: LHB Jeffrey Wilson
|
0-0: Called Strike 0-1: Swinging Strike 0-2: Strikes out looking
|
| Bottom of the 2nd over - 0 runs, 1 hit, 0 errors, 1 left on base; Fargo 1 - Medicine Hat 2 |
| TOP OF THE 3RD |
|
Fargo Brewmasters batting - Pitching for Medicine Hat Blue Jays : LHP Chris Green
|
|
Batting: LHB Victor Fernandez
|
0-0: Called Strike 0-1: Called Strike 0-2: Ground out 4-3 (Groundball, 4, EV 90.6 MPH)
|
|
Batting: RHB Forace Oxendine
|
0-0: Ball 1-0: Called Strike 1-1: Ball 2-1: Fly out, F8 (Flyball, 8RXD, EV 106.3 MPH)
|
|
Batting: RHB Dick E Scott
|
0-0: Ground out 5-3 (Groundball, 56, EV 84.4 MPH)
|
| Top of the 3rd over - 0 runs, 0 hits, 0 errors, 0 left on base; Fargo 1 - Medicine Hat 2 |
| BOTTOM OF THE 3RD |
|
Medicine Hat Blue Jays batting - Pitching for Fargo Brewmasters : LHP Alex Iniguez
|
|
Batting: RHB Burt Milley
|
0-0: Called Strike 0-1: Fly out, F4 (Line Drive, 4, EV 76.3 MPH)
|
|
Batting: RHB Greg Legg
|
0-0: Ball 1-0: Called Strike 1-1: Foul Ball, location: 2F 1-2: Ground out 6-3 (Groundball, 6, EV 96.9 MPH)
|
|
Batting: LHB Tom Reynolds
|
0-0: Ball 1-0: Swinging Strike 1-1: Foul Ball, location: 2F 1-2: Strikes out swinging
|
| Bottom of the 3rd over - 0 runs, 0 hits, 0 errors, 0 left on base; Fargo 1 - Medicine Hat 2 |
| TOP OF THE 4TH |
|
Fargo Brewmasters batting - Pitching for Medicine Hat Blue Jays : LHP Chris Green
|
|
Batting: RHB Gus Polidor
|
0-0: SINGLE (Groundball, 56D, EV 105.0 MPH)
|
|
Batting: RHB Juan Picart
|
0-0: Fly out, F3 (Popup, 3SF, EV 82.5 MPH)
|
|
Batting: LHB Nunzio Bartoli
|
0-0: Ball 1-0: Called Strike 1-1: Ball 2-1: Swinging Strike 2-2: Foul Ball, location: 2F 2-2: Fly out, F8 (Flyball, 8LD, EV 100.0 MPH)
|
|
Batting: RHB Adolph Crump
|
0-0: Swinging Strike 0-1: Swinging Strike 0-2: SINGLE (Groundball, 6MD, EV 100.6 MPH) Gus Polidor to second Runner from 2nd tries for 3rd, SAFE, throw by CF made to third
|
|
Batting: RHB Randall Thorpe
|
0-0: Called Strike 0-1: Ball 1-1: Ball 2-1: Ground out 1-3 (Groundball, P, EV 73.8 MPH)
|
| Top of the 4th over - 0 runs, 2 hits, 0 errors, 2 left on base; Fargo 1 - Medicine Hat 2 |
| BOTTOM OF THE 4TH |
|
Medicine Hat Blue Jays batting - Pitching for Fargo Brewmasters : LHP Alex Iniguez
|
|
Batting: LHB Alberto Chino
|
0-0: Ball 1-0: Ball 2-0: Called Strike 2-1: Ball 3-1: Ground out U3 (Groundball, 3L, EV 84.4 MPH)
|
|
Batting: RHB Terence Shoebridge
|
0-0: Ball 1-0: Ball 2-0: Called Strike 2-1: Foul Ball, location: 2F 2-2: Strikes out looking
|
|
Batting: LHB Kevin Bates
|
0-0: Ball 1-0: Called Strike 1-1: Foul Ball, location: 2F 1-2: Fly out, F8 (Flyball, 8RM, EV 92.5 MPH)
|
| Bottom of the 4th over - 0 runs, 0 hits, 0 errors, 0 left on base; Fargo 1 - Medicine Hat 2 |
| TOP OF THE 5TH |
|
Fargo Brewmasters batting - Pitching for Medicine Hat Blue Jays : LHP Chris Green
|
|
Batting: SHB Angel Escobar
|
0-0: Called Strike 0-1: Ball 1-1: SINGLE (Groundball, 34D, EV 107.5 MPH)
|
|
Batting: LHB Victor Fernandez
|
0-0: Ball 1-0: Ball 2-0: Reached on error, E1 (Groundball, 15S, EV 43.8 MPH) Angel Escobar to second
|
|
Batting: RHB Forace Oxendine
|
0-0: Ball 1-0: Fielders Choice at 2nd, 4-6 (Groundball, 4M, EV 84.4 MPH) Angel Escobar to third
|
|
Batting: RHB Dick E Scott
|
0-0: Ball 1-0: Ball 2-0: Ball 3-0: Base on Balls Forace Oxendine to second
|
|
Batting: RHB Gus Polidor
|
0-0: Ball 1-0: Grounds into double play, 4-6-3 (Groundball, 4MD, EV 111.9 MPH)
|
| Top of the 5th over - 0 runs, 1 hit, 1 error, 2 left on base; Fargo 1 - Medicine Hat 2 |
| BOTTOM OF THE 5TH |
|
Medicine Hat Blue Jays batting - Pitching for Fargo Brewmasters : LHP Alex Iniguez
|
|
Batting: SHB Cordie Dillard
|
0-0: Foul Ball, location: 2F 0-1: DOUBLE (Line Drive, 89M, EV 90.0 MPH)
|
|
Batting: SHB Manuel DelRosario
|
0-0: Swinging Strike 0-1: Ball 1-1: Ball 2-1: Ball 3-1: SINGLE (Line Drive, 89M, EV 104.4 MPH) Cordie Dillard to third
|
|
Batting: LHB Jeffrey Wilson
|
0-0: Ball 1-0: Foul Ball, location: 2F 1-1: Fielders Choice at 2nd, 6-4 (Groundball, 6, EV 98.8 MPH) Cordie Dillard scores
|
|
Batting: RHB Burt Milley
|
0-0: Called Strike 0-1: Ground out 4-3 (Groundball, 34, EV 84.4 MPH) Jeffrey Wilson to second
|
|
Batting: RHB Greg Legg
|
0-0: Called Strike 0-1: Foul Ball, location: 2F 0-2: Strikes out looking
|
| Bottom of the 5th over - 1 run, 2 hits, 0 errors, 1 left on base; Fargo 1 - Medicine Hat 3 |
| TOP OF THE 6TH |
|
Fargo Brewmasters batting - Pitching for Medicine Hat Blue Jays : LHP Chris Green
|
|
Batting: RHB Juan Picart
|
0-0: Ball 1-0: Swinging Strike 1-1: Fly out, F6 (Popup, 6S, EV 73.1 MPH)
|
|
Batting: LHB Nunzio Bartoli
|
0-0: Fly out, F7 (Flyball, 78D, EV 101.3 MPH)
|
|
Batting: RHB Adolph Crump
|
0-0: Foul Ball, location: 2F 0-1: Foul Ball, location: 2F 0-2: Ground out 4-3 (Groundball, 4, EV 80.0 MPH)
|
| Top of the 6th over - 0 runs, 0 hits, 0 errors, 0 left on base; Fargo 1 - Medicine Hat 3 |
| BOTTOM OF THE 6TH |
|
Medicine Hat Blue Jays batting - Pitching for Fargo Brewmasters : LHP Alex Iniguez
|
|
Batting: LHB Tom Reynolds
|
0-0: Single, Error in OF, E9, batter to second base (Line Drive, 9S, EV 98.8 MPH)
|
|
Batting: LHB Alberto Chino
|
0-0: Ball 1-0: Ground out 4-3 (Groundball, 4, EV 96.9 MPH) Tom Reynolds to third
|
|
Batting: RHB Terence Shoebridge
|
0-0: Ball 1-0: Called Strike 1-1: Ball 2-1: Ground out U3 (Groundball, 3, EV 89.4 MPH)
|
|
Pitching: RHP Dennis Miller
|
|
|
Batting: LHB Kevin Bates
|
0-0: Swinging Strike 0-1: Ball 1-1: Ball Wild Pitch! Tom Reynolds scores 2-1: Ball 3-1: Base on Balls
|
|
Batting: SHB Cordie Dillard
|
0-0: Called Strike 0-1: Ball 1-1: Fly out, F9 (Flyball, 89M, EV 90.0 MPH)
|
| Bottom of the 6th over - 1 run, 1 hit, 1 error, 1 left on base; Fargo 1 - Medicine Hat 4 |
| TOP OF THE 7TH |
|
Fargo Brewmasters batting - Pitching for Medicine Hat Blue Jays : LHP Chris Green
|
|
Batting: RHB Randall Thorpe
|
0-0: Ball 1-0: Fly out, F8 (Flyball, 89D, EV 75.6 MPH)
|
|
Batting: SHB Angel Escobar
|
0-0: Called Strike 0-1: Ball 1-1: Ball 2-1: Ball 3-1: Base on Balls
|
|
Batting: LHB Victor Fernandez
|
0-0: Ball 1-0: Ball 2-0: Fly out, F7 (Flyball, 78D, EV 100.6 MPH)
|
|
Batting: RHB Forace Oxendine
|
0-0: Ball 1-0: Ball 2-0: Called Strike 2-1: Fly out, F1 (Line Drive, P, EV 74.4 MPH)
|
| Top of the 7th over - 0 runs, 0 hits, 0 errors, 1 left on base; Fargo 1 - Medicine Hat 4 |
| BOTTOM OF THE 7TH |
|
Medicine Hat Blue Jays batting - Pitching for Fargo Brewmasters : RHP Dennis Miller
|
|
Batting: SHB Manuel DelRosario
|
0-0: Reached on error, E4 (Line Drive, 4, EV 71.9 MPH)
|
|
Batting: LHB Jeffrey Wilson
|
0-0: Fly out, F8 (Flyball, 8RM, EV 88.1 MPH)
|
|
Batting: RHB Burt Milley
|
0-0: Ball Wild Pitch! Manuel DelRosario to second 1-0: Fly out, F9 (Line Drive, 9, EV 109.4 MPH)
|
|
Batting: RHB Greg Legg
|
0-0: Ball 1-0: Ball 2-0: Called Strike 2-1: Ground out 3-1 (Groundball, 34S, EV 86.3 MPH)
|
| Bottom of the 7th over - 0 runs, 0 hits, 1 error, 1 left on base; Fargo 1 - Medicine Hat 4 |
| TOP OF THE 8TH |
|
Fargo Brewmasters batting - Pitching for Medicine Hat Blue Jays : LHP Chris Green
|
|
Batting: RHB Dick E Scott
|
0-0: Ball 1-0: Ball 2-0: Foul Ball, location: 2F 2-1: Fly out, F2 (Popup, 25F, EV 90.0 MPH)
|
|
Batting: RHB Gus Polidor
|
0-0: Ball 1-0: Ground out 4-3 (Groundball, 4, EV 101.3 MPH)
|
|
Batting: RHB Juan Picart
|
0-0: Fly out, F3 (Popup, 3SF, EV 72.5 MPH)
|
| Top of the 8th over - 0 runs, 0 hits, 0 errors, 0 left on base; Fargo 1 - Medicine Hat 4 |
| BOTTOM OF THE 8TH |
|
Medicine Hat Blue Jays batting - Pitching for Fargo Brewmasters : RHP Dennis Miller
|
|
Batting: LHB Tom Reynolds
|
0-0: Ball 1-0: Ground out 4-3 (Groundball, 4M, EV 105.0 MPH)
|
|
Batting: LHB Alberto Chino
|
0-0: Foul Ball, location: 2F 0-1: Ball 1-1: Ball 2-1: DOUBLE (Groundball, 3L, EV 105.0 MPH)
|
|
Batting: RHB Terence Shoebridge
|
0-0: Swinging Strike 0-1: Foul Ball, location: 2F 0-2: Strikes out swinging
|
|
Batting: LHB Kevin Bates
|
0-0: Ball 1-0: Ball 2-0: Ball 3-0: Called Strike 3-1: DOUBLE (Line Drive, 89M, EV 101.3 MPH) Alberto Chino scores
|
|
Batting: SHB Cordie Dillard
|
0-0: Ball 1-0: Ball 2-0: Swinging Strike 2-1: 2-RUN HOME RUN (Flyball, 9D, EV 96.3 MPH), Distance : 396 ft
|
|
Batting: SHB Manuel DelRosario
|
0-0: Ball 1-0: Fly out, F7 (Line Drive, 7D, EV 88.8 MPH)
|
| Bottom of the 8th over - 3 runs, 3 hits, 0 errors, 0 left on base; Fargo 1 - Medicine Hat 7 |
| TOP OF THE 9TH |
|
Fargo Brewmasters batting - Pitching for Medicine Hat Blue Jays : LHP Chris Green
|
|
Batting: LHB Nunzio Bartoli
|
0-0: Called Strike 0-1: Swinging Strike 0-2: Ball 1-2: Ball 2-2: Foul Ball, location: 2F 2-2: Strikes out looking
|
|
Batting: RHB Adolph Crump
|
0-0: Ball 1-0: Called Strike 1-1: Ball 2-1: Ball 3-1: Swinging Strike 3-2: Base on Balls
|
|
Batting: RHB Randall Thorpe
|
0-0: SINGLE (Groundball, 56D, EV 103.1 MPH) Adolph Crump to second
|
|
Batting: SHB Angel Escobar
|
0-0: Ball 1-0: SINGLE (Groundball, 56D, EV 94.4 MPH) Adolph Crump to third Randall Thorpe to second
|
|
Batting: LHB Victor Fernandez
|
0-0: Ground out U3 (Groundball, 3S, EV 63.8 MPH) Adolph Crump scores Randall Thorpe to third Angel Escobar to second
|
|
Batting: RHB Forace Oxendine
|
0-0: Ball 1-0: Called Strike 1-1: Ground out 4-3 (Groundball, 34, EV 91.9 MPH)
|
| Top of the 9th over - 1 run, 2 hits, 0 errors, 2 left on base; Fargo 2 - Medicine Hat 7 |
|